 Dungeon Crawl Stone Soup version 0.29-a0-721-g7f417c9bbb (webtiles) character file.

Game seed: 15005395003895607152

130 crusatyr the Slasher (level 4, -6/37 HPs)
             Began as a Demonspawn Monk on June 27, 2022.
             Mangled by an iguana (9 damage)
             ... on level 3 of the Dungeon.
             The game lasted 00:04:23 (2744 turns).

crusatyr the Slasher (Demonspawn Monk)              Turns: 2744, Time: 00:04:23

Health: -6/37      AC:  9    Str: 19    XL:     4   Next: 89%
Magic:  4/4        EV:  6    Int: 16    God:
Gold:   170        SH: 12    Dex: 15    Spells: 3/3 levels left

rFire   + . .      SeeInvis .   l - +0 long sword
rCold   . . .      Faith    .   i - +0 kite shield
rNeg    . . .      Spirit   .   o - +1 chain mail {rF+}
rPois   .          Reflect  .   (no helmet)
rElec   .          Harm     .   (no cloak)
rCorr   .          Rampage  .   (no gloves)
Will    .....                   (no boots)
Stlth   ..........              (no amulet)
HPRegen 0.12/turn               m - ring "Otiho" {Str+6 Int+4}
MPRegen 0.09/turn               (no ring)

@: attractive
A: claws 1, condensation shield
a: no special abilities


You were on level 3 of the Dungeon.
You visited 1 branch of the dungeon, and saw 3 of its levels.

You collected 170 gold pieces.

Inventory:

Hand Weapons
 l - a +0 long sword (weapon)
Armour
 i - a +0 kite shield (worn)
 o - a +1 chain mail of fire resistance (worn)
Jewellery
 m - the ring "Otiho" (left claw) {Str+6 Int+4}
   (You found it on level 2 of the Dungeon)

   [ring of strength]

   Str:       It affects your strength (+6).
   Int:       It affects your intelligence (+4).
Wands
 n - a wand of polymorph (4)
Scrolls
 b - a scroll of identify
 h - a scroll of fog
 j - a scroll of poison {unknown}
Potions
 c - a potion of ambrosia
 d - a potion of curing
 e - a potion of flight
 f - a potion of invisibility {unknown}
 k - a potion of haste {unknown}
 p - a potion of lignification {unknown}


   Skills:
 + Level 3.9 Fighting
 * Level 4.2 Long Blades
 - Level 2.6 Dodging
 - Level 1.7 Stealth
 + Level 1.3 Shields


You had 3 spell levels left.
You didn't know any spells.
Your spell library was empty.

Dungeon Overview and Level Annotations

Branches:
Dungeon (3/15)

Altars:


Innate Abilities, Weirdness & Mutations

You have sharp fingernails.
A meltable shield of frost defends you. (SH +4)


Message History

You hear some strange, mumbled words.
A magic dart appears from out of thin air!
The magic dart hits you.
The orc priest hits you but does no damage.
You barely miss something. Something hits you.
You block the orc priest's attack.
You closely miss something. Something hits you but does no damage.
You block the orc priest's attack. Something hits you.
The orc priest looks encouraged for a moment.
You slash something!
Reactivating autopickup.
You feel a bit more experienced.
The orc priest mumbles some strange prayers to Beogh against you.
Pain shoots through your body!
* * * LOW HITPOINT WARNING * * *
Aiming: Polymorph
Press: ? - help, Shift-Dir - straight line, f - orc priest
Aim: an orc priest, wielding a +0 trident and wearing a +0 leather armour (will become a jelly, an iguana, or an ogre, chance to affect: 49%)
The orc priest evaporates and reforms as an iguana!
It was a potion of attraction.
You feel attractive to monsters.
It was a potion of curing.
You feel better. The iguana bites you!
* * * LOW HITPOINT WARNING * * *
The iguana attacks as you move away! The iguana closely misses you.
Okay, then.
The iguana attacks as you move away!
The iguana bites you but does no damage.
As you read the scroll labelled MISOUS XIOMUR, it crumbles to dust.
It is a scroll of identify.
e - a potion of flight You block the iguana's attack.
As you read the scroll labelled MIRCHU QECOTYV, it crumbles to dust.
It is a scroll of enchant armour.
Your +0 chain mail of fire resistance glows green for a moment.
You block the iguana's attack.
As you read the scroll labelled LYEZEF PESUISAI, it crumbles to dust.
The scroll dissolves into smoke.
It was a scroll of fog.
You block the iguana's attack. The iguana attacks as you move away!
The iguana bites you!
You die...

########....
#......#....
#......##.##
#......##.#
#......##.##
#######......##...
#§§.............##
#§#...............
#@#.###......##.##
#l#.# #......##.#
######o#.#
#......##.#
#......#.#
#########.#
#.######.# ... #.#
#.# ... #o# #.#
#)# #.# #.# ##.##


You could see an iguana and an orc.

Vanquished Creatures
  Jessica (D:3)
  Terence (D:2)
  An orc wizard (D:3)
  A gnoll (D:1)
  A worm (D:2)
  2 dart slugs
  An orc (D:3)
  4 ball pythons (D:2)
  4 endoplasms
  2 giant cockroaches
  4 goblins
  A hobgoblin (D:3)
  3 jackals (D:1)
  4 bats
  2 frilled lizards
  A kobold (D:2)
  6 rats
39 creatures vanquished.

Notes
Turn   | Place    | Note
-------+----------+-------------------------------------------
     0 | D:1      | crusatyr the Demonspawn Monk began the quest for the Orb.
     0 | D:1      | Reached XP level 1. HP: 18/18 MP: 1/1
   300 | D:1      | Reached skill level 3 in Long Blades
   300 | D:1      | Gained mutation: A meltable shield of frost defends you.
                  | (SH +4) [demonic ancestry]
   300 | D:1      | Reached XP level 2. HP: 13/24 MP: 2/2
   895 | D:1      | Found a faded altar of an unknown god.
  1194 | D:2      | Gained mutation: You have sharp fingernails. [demonic
                  | ancestry]
  1194 | D:2      | Reached XP level 3. HP: 18/29 MP: 3/3
  1778 | D:2      | Noticed Terence
  1802 | D:2      | Killed Terence
  1913 | D:2      | Identified the ring "Otiho" {Str+6 Int+4}
  2131 | D:3      | Reached XP level 4. HP: 29/37 MP: 4/4
  2294 | D:3      | Noticed Jessica
  2326 | D:3      | Killed Jessica
  2327 | D:3      | Reached skill level 4 in Long Blades
  2327 | D:3      | Reached skill level 1 in Shields
  2481 | D:3      | Identified the +1 helmet "Zuic Isit" {Drain Int+8 Dex+3}
  2744 | D:3      | Mangled by an iguana

Illustrated notes

Levels and vault maps discovered:
D:1:      heliophobic_arrival_enchanted_forest, layout_loops_cross,
          ebering_ecumenical_altar_hall
D:2:      layout_loops_corners, uniq_terence
D:3:      layout_basic, mainiacjoe_overflow_chevrons, minmay_rat_hole,
          uniq_jessica

Skill      XL: |  1  2  3  4 |
---------------+-------------+-----
Long Blades    | 3 4 |  4.2
Shields        | 1 |  1.3
Fighting       | |  3.9
Dodging        | |  2.6
Stealth        | |  1.7

Action                   |  1- 3 |  4- 6 || total
-------------------------+-------+-------++-------
Melee: Falchion          |    55 |       ||    55
       Long sword        |    30 |    31 ||    61
       Unarmed           |    12 |       ||    12
Evoke: Wand              |       |     1 ||     1
  Use: Scroll            |       |     3 ||     3
       Potion            |       |     2 ||     2
 Stab: Confused          |     4 |       ||     4
Armor: Robe              |     4 |       ||     4
       Ring mail         |    14 |       ||    14
       Chain mail        |     3 |    11 ||    14
       Skin              |     1 |       ||     1
Dodge: Dodged            |    43 |     8 ||    51
Block: Other             |     6 |       ||     6
       Kite shield       |    18 |    13 ||    31

Table legend: (Time is in decaauts)
 A = Elapsed time spent in this place.
 B = Non-inter-level travel time spent in this place.
 C = Inter-level travel time spent in this place.
 D = Time resting spent in this place.
 E = Time spent auto-exploring this place.
 F = Levels seen in this place.
 G = Mean time per level.
                   A        B        C        D        E       F      G
               +--------+--------+--------+--------+--------+-----+--------+
         Total |   2775 |   2705 |     70 |    102 |   2106 |   3 |  925.0 |
       Dungeon |   2775 |   2705 |     70 |    102 |   2106 |   3 |  925.0 |
               +--------+--------+--------+--------+--------+-----+--------+

Top non-repeatable levels by time:
     D:1: 1099 daAuts
     D:2: 1006 daAuts
     D:3: 670 daAuts
